 Dungeon Crawl Stone Soup version 0.26.0-20-g3ca415f5b8 (webtiles) character file.

Game seed: 5820486272769773111

994 kaeus the Skirmisher (level 7, 0/64 HPs)
             Began as a Yellow Draconian Berserker on Jan 25, 2021.
             Was a Priest of Trog.
             Succumbed to Edmund's poison
             ... on level 5 of the Dungeon.
             The game lasted 00:04:48 (5071 turns).

kaeus the Skirmisher (Yellow Draconian Berserker)   Turns: 5071, Time: 00:04:48

Health: 0/64       AC:  6    Str: 22    XL:     7   Next: 99%
Magic:  7/7        EV: 14    Int:  7    God:    Trog [***...]
Gold:   218        SH:  0    Dex: 10    Spells: 6/6 levels left

rFire    . . .     SeeInvis .   i - +2 hand axe (vorpal)
rCold    . . .     Faith    .   (no shield)
rNeg     . . .     Spirit   .   (armour unavailable)
rPois    .         Reflect  .   (helmet restricted)
rElec    .         Harm     .   (no cloak)
rCorr    +         Rampage  .   (no gloves)
Will     .....                  (no boots)
Stlth    ++........             (no amulet)
HPRegen  0.20/turn              (no ring)
MPRegen  0.10/turn              h - ring of stealth

@: mighty, brilliant, lethally poisoned (0 -> -4), berserk cooldown, flying,
slowed, very slow
A: spit acid, unfitting armour, cold-blooded, acid resistance, AC +6
a: Breathe Acid, Renounce Religion, Berserk, Trog's Hand


You were on level 5 of the Dungeon.
You worshipped Trog.
Trog was most pleased with you.
You visited 2 branches of the dungeon, and saw 6 of its levels.

You collected 218 gold pieces.

Inventory:

Hand Weapons
 i - a +2 vorpal hand axe (weapon)
Jewellery
 h - a ring of stealth (right hand)
Scrolls
 b - a scroll of teleportation {unknown}
 e - 3 scrolls of remove curse
 f - a scroll of magic mapping {unknown}
 g - 2 scrolls of immolation {unknown}
 k - a scroll of enchant armour {unknown}
 m - a scroll of amnesia {unknown}
 o - a scroll of random uselessness {unknown}
 p - 2 scrolls of identify {unknown}
 r - a scroll of fear {unknown}
Potions
 a - a potion of haste {unknown}
 c - a potion of degeneration {unknown}
 d - a potion of might
 j - a potion of heal wounds {unknown}
 l - a potion of curing {unknown}
 n - a potion of flight
 q - a potion of brilliance


   Skills:
 + Level 6.6 Fighting
 + Level 6.1 Axes
 + Level 5.5 Dodging


You had 6 spell levels left.
You didn't know any spells.
Your spell library was empty.

Dungeon Overview and Level Annotations

Branches:
Dungeon (5/15)             Temple (1/1) D:4

Altars:
Ashenzari
Cheibriados
Dithmenos
Elyvilon
Fedhas
Gozag
Hepliaklqana
Kikubaaqudgha
Makhleb
Nemelex Xobeh
Okawaru
Qazlal
Ru
Sif Muna
Uskayaw
Vehumet
Wu Jian
Xom
Yredelemnul
Zin
The Shining One


Innate Abilities, Weirdness & Mutations

You can spit globs of acid.
Your golden yellow scales are hard. (AC +6)
You cannot fit into any form of body armour.
You are cold-blooded and may be slowed by cold attacks.
You are resistant to acid. (rCorr)


Message History

You feel sick. The phantom closely misses you. x2
You take 1 damage, and have 3/64 hp.
You barely miss the phantom.
Your tail-slap misses the phantom.
The phantom is lightly damaged.
* * * LOW HITPOINT WARNING * * *
You feel sick.
The phantom blinks!
You take 1 damage, and have 2/64 hp.
It was a potion of might.
You feel very mighty all of a sudden.
* * * LOW HITPOINT WARNING * * *
You feel sick.
It was a potion of brilliance.
You feel clever all of a sudden.
* * * LOW HITPOINT WARNING * * *
You feel sick.
The phantom blinks!
You take 1 damage, and have 1/64 hp.
It was a potion of flight.
You feel very buoyant.
You fly up into the air.
You die...

##.............##
##...............##
##............!..W.##
##...................##
##.....................##
#.......................##
............)............#
....................<....#
.......>....@............|...
.........................####
...............!.........#
.........................#
.........................#
...)............$........#
#...?...................##
....................


You could see a phantom.

Vanquished Creatures
  A wyvern (D:4)
  Edmund (D:5)
  A centaur (D:5)
  A phantom (D:4)
  A bullfrog (D:3)
  A scorpion (D:4)
  A bullfrog zombie (D:5)
  2 orc priests (D:3)
  A centaur skeleton (D:4)
  5 orc wizards (D:3)
  2 worker ants (D:4)
  A hound skeleton (D:4)
  5 adders
  3 worms
  4 dart slugs
  3 leopard geckos
  12 orcs
  10 giant cockroaches
  3 goblins
  4 hobgoblins
  7 jackals
  2 ball pythons
  A ball python skeleton (D:5)
  11 bats
  7 frilled lizards
  8 kobolds
  7 rats
105 creatures vanquished.

Notes
Turn   | Place    | Note
-------+----------+-------------------------------------------
     0 | D:1      | kaeus the Draconian Berserker began the quest for the Orb.
     0 | D:1      | Reached XP level 1. HP: 19/19 MP: 1/1
   114 | D:1      | Reached XP level 2. HP: 16/26 MP: 2/2
   667 | D:1      | Reached ** piety under Trog
   668 | D:1      | Reached XP level 3. HP: 31/33 MP: 3/3
  1232 | D:2      | Found an opulent altar of Gozag.
  1514 | D:2      | Found a white marble altar of Elyvilon.
  1799 | D:3      | Reached XP level 4. HP: 33/40 MP: 4/4
  2306 | D:3      | Reached XP level 5. HP: 33/47 MP: 5/5
  2623 | D:3      | You fall into a shaft and drop 2 floors!
  2623 | D:5      | Entered Level 5 of the Dungeon
  2644 | D:5      | Noticed a centaur
  2656 | D:5      | Killed a centaur
  2657 | D:5      | Reached skill level 5 in Fighting
  2993 | D:4      | Reached *** piety under Trog
  2994 | D:4      | Reached XP level 6. HP: 49/56 MP: 6/6
  3067 | D:4      | Found a staircase to the Ecumenical Temple.
  3346 | D:3      | Reached skill level 5 in Axes
  3740 | D:3      | Your scales start taking on a golden yellow colour.
  3740 | D:3      | Reached XP level 7. HP: 62/62 MP: 7/7
  3740 | D:3      | Gained mutation: You are resistant to acid. (rCorr) [Yellow
                  | Draconian growth]
  3880 | D:3      | Found a snail-covered altar of Cheibriados.
  4166 | D:4      | Reached skill level 5 in Dodging
  4444 | D:4      | Found an iron altar of Okawaru.
  4583 | Temple   | Entered the Ecumenical Temple
  4629 | D:5      | Noticed a wyvern
  4642 | D:4      | Killed a wyvern
  5037 | D:5      | Noticed Edmund
  5051 | D:5      | Killed Edmund
  5062 | D:5      | HP: 3/64 [poisoned by Edmund]
  5067 | D:5      | HP: 3/64 [poisoned by Edmund]
  5070 | D:5      | HP: 1/64 [poisoned by Edmund]
  5071 | D:5      | Succumbed to Edmund's poison

Illustrated notes

Levels and vault maps discovered:
D:1:      dpeg_arrival_boxes_within_box, layout_basic, nrook_campfire,
          minmay_box_of_dots
D:2:      layout_loops_ring, lemuel_crystal_altar, elyvilon_altar_1
D:3:      layout_basic, cheibriados_altar_1
D:4:      layout_cave_pools, okawaru_ov_weapons_minmay, lemuel_temple_firewalk_b
D:5:      layout_basic, uniq_edmund
Temple:   nicolae_temple_no_exploring_needed

Skill      XL: |  1  2  3  4  5  6  7 |
---------------+----------------------+-----
Dodging        | 3 4 5 |  5.5
Fighting       | 4 5 6 |  6.6
Axes           | 4 5 6 |  6.1

Action                   |  1- 3 |  4- 6 |  7- 9 || total
-------------------------+-------+-------+-------++-------
Melee: Hand axe          |   112 |   108 |    61 ||   281
       Tailslap          |     8 |     9 |     2 ||    19
Invok: Berserk           |     2 |     4 |     2 ||     8
       Trog's Hand       |       |       |     1 ||     1
 Abil: Breathe Acid      |       |       |     2 ||     2
  Use: Potion            |       |     1 |     3 ||     4
       Scroll            |       |     1 |       ||     1
 Stab: Sleeping          |       |     1 |     3 ||     4
Armor: Skin              |    44 |    58 |    19 ||   121
Dodge: Dodged            |    96 |    68 |    43 ||   207
